Saguenéens vs Thunder
(R2)
Created - March 21, 2020 at 22:17
Goals
|
Saguenéens |
1 |
1 |
1 |
1 |
4 |
Thunder |
2 |
1 |
0 |
0 |
3 |
|
Shots
|
Saguenéens |
9 |
12 |
11 |
1 |
33 |
Thunder |
8 |
10 |
9 |
0 |
27 |
|
1st period
1. Saguenéens , Mark Stone 18 (Patrick Sieloff 10, Carl Hagelin 30) at 8:42
2. Thunder , Eric Fehr 40 (William Karlsson 55, Mikko Vainonen 11) at 10:04 (PP)
3. Thunder , Jamie McGinn 25 (Jordan Weal 10) at 18:57
Penalties :
Dany Roussin (TRO) for Holding (Minor) at 0:43, Nick Mattson (Chi) for Tripping (Minor) at 9:55, Zach Stepan (TRO) for High sticking (Minor) at 13:54
2nd period
4. Saguenéens , Juraj Mikus 8 (Jake McCabe 26, Seth Helgeson 35) at 6:49
5. Thunder , David Wolf 20 (Austin Wuthrich 17, Zach Stepan 17) at 14:33 (PP)
Penalties :
Austin Poganski (TRO) for Tripping (Minor) at 1:36, Joey Ryan (TRO) for Hooking (Minor) at 7:06, Seth Helgeson (Chi) for Tripping (Minor) at 14:03, Derek Forbort (TRO) for Holding (Minor) at 16:28
3rd period
6. Saguenéens , Craig Cunningham 12 (Nick Mattson 24, Juraj Mikus 13) at 3:11
Penalties :
Derek Forbort (TRO) for Holding (Minor) at 4:58, Aleksander Barkov (Chi) for High sticking (Minor) at 8:47, Duncan Siemens (Chi) for Hooking (Minor) at 13:58
Overtime #1
7. Saguenéens , Garnet Hathaway 11 (Jake McCabe 27, Mason Raymond 37) at 0:04
Penalties :
No Penalty
Goalie Stats
Joe Cannata (Chi), 24 saves from 27 shots - (0.889), W, 24-18-4, 60:04 minutes
Niklas Treutle (TRO), 29 saves from 33 shots - (0.879), OTL, 15-24-5, 60:04 minutes
Players Stats for Saguenéens
Player Name G A P +/- PIM S H SB GA TA FO MP PP MP PK MP
------------------------------------------------------------------------------------
Adam Erne 0 0 0 0 0 0 0 0 0 0 0/0 7:37 0:03 0:00
Aleksander Barkov 0 0 0 0 2 3 1 0 2 1 7/10 17:31 5:14 0:00
Alexander Wennberg 0 0 0 0 0 2 2 1 0 0 11/30 20:45 6:37 1:09
Carl Hagelin 0 1 1 0 0 2 4 1 1 0 0/0 16:51 5:14 0:00
Craig Cunningham 1 0 1 2 0 1 1 0 0 0 0/0 10:44 0:00 0:21
Duncan Siemens 0 0 0 1 2 0 0 1 0 0 0/0 11:32 0:26 0:30
Garnet Hathaway 1 0 1 1 0 5 2 0 0 1 1/2 23:07 6:36 3:02
Henrik Samuelsson 0 0 0 0 0 0 0 0 0 0 0/0 0:30 0:04 0:00
Jake McCabe 0 2 2 1 0 3 0 4 1 0 0/0 27:57 6:40 2:55
Julius Honka 0 0 0 0 0 0 1 0 0 0 0/0 3:34 0:00 0:00
Juraj Mikus 1 1 2 2 0 5 2 0 0 0 0/3 10:16 0:00 0:00
Mark Stone 1 0 1 0 0 4 1 0 0 0 0/0 18:10 5:14 1:09
Mason Raymond 0 1 1 1 0 1 2 2 2 1 5/10 23:14 6:37 3:00
Mattias Janmark 0 0 0 0 0 0 0 0 0 0 0/0 0:26 0:03 0:00
Mike Amadio 0 0 0 0 0 0 0 0 0 0 0/0 0:49 0:00 0:30
Mikhail Grigorenko 0 0 0 0 0 0 0 0 0 0 0/0 0:03 0:00 0:03
Myles Bell 0 0 0 0 0 0 0 0 0 0 0/0 0:00 0:00 0:00
Nick Mattson 0 1 1 1 2 1 2 0 0 0 0/0 21:06 4:48 1:42
Nick Paul 0 0 0 0 0 0 0 0 0 0 0/0 0:00 0:00 0:00
Patrick Sieloff 0 1 1 1 0 0 2 0 0 0 0/0 11:00 0:26 0:00
Rhett Rakhshani 0 0 0 2 0 3 0 0 0 0 0/0 10:16 0:00 0:00
Robert Hagg 0 0 0 1 0 0 2 0 0 1 0/0 21:07 4:48 1:42
Seth Helgeson 0 1 1 1 2 1 0 3 0 0 0/0 23:52 6:40 2:25
Tanner Richard 0 0 0 0 0 0 2 0 0 0 1/3 7:34 0:00 0:00
Teemu Pulkkinen 0 0 0 0 0 2 0 0 0 0 0/0 7:34 0:00 0:00
Players Stats for Thunder
Player Name G A P +/- PIM S H SB GA TA FO MP PP MP PK MP
------------------------------------------------------------------------------------
Artur Gavrus 0 0 0 0 0 0 0 0 0 0 1/2 3:12 0:00 2:06
Austin Poganski 0 0 0 -2 2 1 1 0 0 0 0/0 11:45 0:00 0:00
Austin Wuthrich 0 1 1 0 0 1 2 0 0 1 0/0 14:49 1:48 0:00
Colby Cave 0 0 0 0 0 0 0 0 0 0 0/0 3:14 0:10 0:00
Dany Roussin 0 0 0 -1 2 2 3 2 0 0 0/1 22:15 2:49 5:23
David Wolf 1 0 1 0 0 5 2 0 1 2 1/1 18:43 1:48 3:52
Derek Forbort 0 0 0 1 4 2 2 1 1 1 0/0 17:32 2:03 3:08
Emil Johansson 0 0 0 0 0 0 0 0 0 0 0/0 6:35 0:00 0:37
Eric Fehr 1 0 1 -1 0 2 3 0 1 1 7/12 25:01 2:40 6:08
Gianluca Curcuruto 0 0 0 -2 0 0 1 0 0 0 0/0 8:41 0:00 0:00
Jamie McGinn 1 0 1 -2 0 4 1 2 1 0 0/0 11:11 0:00 0:00
Jarrod Maidens 0 0 0 0 0 0 0 0 0 0 0/0 0:00 0:00 0:00
Jesper Pettersson 0 0 0 -2 0 1 0 0 0 0 0/0 11:50 0:00 2:32
Joey Ryan 0 0 0 -2 2 2 1 0 0 1 0/0 24:56 2:34 5:37
Jordan Weal 0 1 1 -2 0 2 1 1 0 0 1/2 11:48 0:00 0:24
Mackenze Stewart 0 0 0 0 0 0 1 0 0 0 0/0 5:29 0:00 0:00
Michael Schumacher 0 0 0 0 0 0 0 0 0 0 0/0 1:10 0:00 0:00
Mike Hoffman 0 0 0 0 0 0 0 0 0 0 0/0 2:40 0:00 2:10
Mikko Vainonen 0 1 1 1 0 2 0 0 0 0 0/0 19:11 2:03 4:50
Nikolay Prokhorkin 0 0 0 0 0 0 1 0 0 0 0/0 3:43 0:00 0:00
Peter Andersson 0 0 0 -2 0 1 3 0 0 0 0/0 26:43 2:34 7:04
Vincent Dunn 0 0 0 0 0 0 0 0 0 0 0/0 3:43 0:00 0:00
William Karlsson 0 1 1 0 0 1 1 2 0 0 16/25 19:06 2:48 3:45
Zach Stepan 0 1 1 0 2 1 1 1 0 0 7/15 14:59 1:48 0:00
3 Stars
1 - Juraj Mikus (Chi)
2 - Craig Cunningham (Chi)
3 - Garnet Hathaway (Chi)
Power Play
Saguenéens - 0 on 6 Attempt(s) - 0.00%
Thunder - 2 on 4 Attempt(s) - 50.00%
Penalty Kill
Saguenéens - 2 on 4 Attempt(s) - 50.00%
- Score 0 goal in Penalty Kill
Thunder - 6 on 6 Attempt(s) - 100.00%
- Score 0 goal in Penalty Kill
Team Stat
Saguenéens - Hits : 24 - Faceoff Wins : 25 - Blocked Shots : 12 - Penalty Minutes : 8
Thunder - Hits : 24 - Faceoff Wins : 33 - Blocked Shots : 9 - Penalty Minutes : 12
Official
Referees : Unknown
Linesman : Unknown
Game Notes
9:45 of 3rd period - Thunder goal is going for a video replay. After video review, No Goal. The referee deems the play has been stopped, even if he had not physically had the opportunity to stop play by blowing his whistle.
Finance
Level 1 -- Attendance: 1384 (69.20%) -- Ticket Income $55,360
Level 2 -- Attendance: 643 (64.30%) -- Ticket Income $12,860
Total Attendance: 2027 (67.57%)
Total Ticket Income: $68,220
Other Income: $3,411
Total Income: $71,631
Saguenéens
5 vs 5 Forward
Center Left Wing Right Wing Time % Phy DF OF
1 Alexander Wennberg Mason Raymond Garnet Hathaway 40 1 2 2
2 Aleksander Barkov Carl Hagelin Mark Stone 30 1 2 2
3 Juraj Mikus Craig Cunningham Rhett Rakhshani 20 1 2 2
4 Tanner Richard Teemu Pulkkinen Adam Erne 10 1 2 2
5 vs 5 Defense
Defense Defense Time % Phy DF OF
1 Jake McCabe Seth Helgeson 40 1 2 2
2 Robert Hagg Nick Mattson 30 1 2 2
3 Patrick Sieloff Duncan Siemens 20 1 2 2
4 Julius Honka Jake McCabe 10 1 2 2
PowerPlay Forward
Center Left Wing Right Wing Time % Phy DF OF
1 Alexander Wennberg Mason Raymond Garnet Hathaway 60 1 2 2
2 Aleksander Barkov Carl Hagelin Mark Stone 40 1 2 2
PowerPlay Defense
Defense Defense Time % Phy DF OF
1 Jake McCabe Seth Helgeson 60 1 2 2
2 Robert Hagg Nick Mattson 40 1 2 2
Penalty Kill 4 Players Forward
Center Wing Time % Phy DF OF
1 Mason Raymond Garnet Hathaway 60 1 2 2
2 Mark Stone Alexander Wennberg 40 1 2 2
Penalty Kill 4 Players Defense
Defense Defense Time % Phy DF OF
1 Jake McCabe Seth Helgeson 60 1 2 2
2 Robert Hagg Nick Mattson 40 1 2 2
Penalty Kill - 3 Players Forward
Forward Time % Phy DF OF
1 Mason Raymond 60 1 2 2
2 Garnet Hathaway 40 1 2 2
Penalty Kill - 3 Players Defense
Defense Defense Time % Phy DF OF
1 Jake McCabe Seth Helgeson 60 1 2 2
2 Robert Hagg Nick Mattson 40 1 2 2
4 vs 4 Forward
Center Wing Time % Phy DF OF
1 Mason Raymond Garnet Hathaway 60 1 2 2
2 Mark Stone Alexander Wennberg 40 1 2 2
4 vs 4 Defense
Defense Defense Time % Phy DF OF
1 Jake McCabe Seth Helgeson 60 1 2 2
2 Robert Hagg Nick Mattson 40 1 2 2
Last Minutes Offensive
Center Left Wing Right Wing Defense Defense
Alexander Wennberg Mason Raymond Garnet Hathaway Jake McCabe Seth Helgeson
Last Minutes Defensive
Center Left Wing Right Wing Defense Defense
Alexander Wennberg Mason Raymond Garnet Hathaway Jake McCabe Seth Helgeson
Goaltenders
Starting : Joe Cannata
Backup : Tyler Beskorowany
Extra Forwards
Normal : Henrik Samuelsson, Mattias Janmark, Mike Amadio - PP : Henrik Samuelsson, Mattias Janmark - PK : Mike Amadio
Extra Defensemen
Normal : Patrick Sieloff, Duncan Siemens, Julius Honka - PP : Patrick Sieloff - PK : Duncan Siemens, Julius Honka
Penalty Shots
Mason Raymond, Garnet Hathaway, Mark Stone, Alexander Wennberg, Carl Hagelin
Scratches
Dylan Labbe (Healthy), Calle Andersson (Healthy), Clark Bishop (Healthy), Nikita Scherbak (Healthy), JJ. Piccinich (Healthy)
Michael Giugovaz (Healthy)
Thunder
5 vs 5 Forward
Center Left Wing Right Wing Time % Phy DF OF
1 William Karlsson Dany Roussin Eric Fehr 40 1 2 2
2 Zach Stepan David Wolf Austin Wuthrich 30 1 2 2
3 Jordan Weal Jamie McGinn Austin Poganski 20 1 2 2
4 Vincent Dunn Nikolay Prokhorkin Eric Fehr 10 1 2 2
5 vs 5 Defense
Defense Defense Time % Phy DF OF
1 Joey Ryan Peter Andersson 40 1 2 2
2 Derek Forbort Mikko Vainonen 30 1 2 2
3 Gianluca Curcuruto Jesper Pettersson 20 1 2 2
4 Emil Johansson Mackenze Stewart 10 1 2 2
PowerPlay Forward
Center Left Wing Right Wing Time % Phy DF OF
1 William Karlsson Dany Roussin Eric Fehr 60 1 2 2
2 Zach Stepan David Wolf Austin Wuthrich 40 1 2 2
PowerPlay Defense
Defense Defense Time % Phy DF OF
1 Joey Ryan Peter Andersson 60 1 2 2
2 Derek Forbort Mikko Vainonen 40 1 2 2
Penalty Kill 4 Players Forward
Center Wing Time % Phy DF OF
1 Eric Fehr Dany Roussin 60 1 2 2
2 William Karlsson David Wolf 40 1 2 2
Penalty Kill 4 Players Defense
Defense Defense Time % Phy DF OF
1 Joey Ryan Peter Andersson 60 1 2 2
2 Derek Forbort Mikko Vainonen 40 1 2 2
Penalty Kill - 3 Players Forward
Forward Time % Phy DF OF
1 Eric Fehr 60 1 2 2
2 Dany Roussin 40 1 2 2
Penalty Kill - 3 Players Defense
Defense Defense Time % Phy DF OF
1 Joey Ryan Peter Andersson 60 1 2 2
2 Derek Forbort Mikko Vainonen 40 1 2 2
4 vs 4 Forward
Center Wing Time % Phy DF OF
1 Eric Fehr Dany Roussin 60 1 2 2
2 William Karlsson David Wolf 40 1 2 2
4 vs 4 Defense
Defense Defense Time % Phy DF OF
1 Joey Ryan Peter Andersson 60 1 2 2
2 Derek Forbort Mikko Vainonen 40 1 2 2
Last Minutes Offensive
Center Left Wing Right Wing Defense Defense
William Karlsson Dany Roussin Eric Fehr Joey Ryan Peter Andersson
Last Minutes Defensive
Center Left Wing Right Wing Defense Defense
William Karlsson Dany Roussin Eric Fehr Joey Ryan Peter Andersson
Goaltenders
Starting : Niklas Treutle
Backup : Jussi Rynnas
Extra Forwards
Normal : Colby Cave, Michael Schumacher, Artur Gavrus - PP : Colby Cave, Michael Schumacher - PK : Artur Gavrus
Extra Defensemen
Normal : Gianluca Curcuruto, Jesper Pettersson, Emil Johansson - PP : Gianluca Curcuruto - PK : Jesper Pettersson, Emil Johansson
Penalty Shots
Eric Fehr, Dany Roussin, William Karlsson, David Wolf, Jamie McGinn
Scratches
Trevor Lewis (Severed Right Wrist Tendon Injury), Mason McDonald (Healthy)
% Time on Ice - Saguenéens
Lines # - Real PCT - Wanted PCT - Time Play
Normal Forward
1 - 32% - 40% - 13:59
2 - 27% - 30% - 11:40
3 - 24% - 20% - 10:16
4 - 17% - 10% - 7:34
Normal Defense
1 - 35% - 40% - 15:10
2 - 34% - 30% - 14:37
3 - 23% - 20% - 10:08
4 - 8% - 10% - 3:34
PP Forward
1 - 56% - 60% - 6:40
2 - 44% - 40% - 5:14
PP Defense
1 - 60% - 60% - 7:06
2 - 40% - 40% - 4:48
PK Forward
1 - 75% - 60% - 3:28
2 - 25% - 40% - 1:09
PK Defense
1 - 63% - 60% - 2:55
2 - 37% - 40% - 1:42
PK3 Forward
1 - 0% - 60%
2 - 0% - 40%
PK3 Defense
1 - 0% - 60%
2 - 0% - 40%
44 Forward
1 - 100% - 60% - 0:04
2 - 0% - 40% - 0:00
44 Defense
1 - 100% - 60% - 0:04
2 - 0% - 40% - 0:00
Last Minute Offensive - 0:00
Last Minute Defensive - 0:00
Total
Forward - 60:04
Defense - 60:04
|
% Time on Ice - Thunder
Lines # - Real PCT - Wanted PCT - Time Play
Normal Forward
1 - 34% - 40% - 14:45
2 - 32% - 30% - 13:50
3 - 26% - 20% - 11:11
4 - 9% - 10% - 3:43
Normal Defense
1 - 39% - 40% - 17:01
2 - 28% - 30% - 12:18
3 - 20% - 20% - 8:41
4 - 13% - 10% - 5:29
PP Forward
1 - 61% - 60% - 2:49
2 - 39% - 40% - 1:48
PP Defense
1 - 56% - 60% - 2:34
2 - 44% - 40% - 2:03
PK Forward
1 - 68% - 60% - 8:09
2 - 32% - 40% - 3:45
PK Defense
1 - 59% - 60% - 7:04
2 - 41% - 40% - 4:50
PK3 Forward
1 - 0% - 60%
2 - 0% - 40%
PK3 Defense
1 - 0% - 60%
2 - 0% - 40%
44 Forward
1 - 100% - 60% - 0:04
2 - 0% - 40% - 0:00
44 Defense
1 - 100% - 60% - 0:04
2 - 0% - 40% - 0:00
Last Minute Offensive - 0:00
Last Minute Defensive - 0:00
Total
Forward - 60:04
Defense - 60:04
|
Play-by-Play
1st period
0:01 of 1st period - Alexander Wennberg wins face-off versus Dany Roussin in neutral zone.
0:30 of 1st period - Jake McCabe is hit by Peter Andersson and loses puck.
0:43 of 1st period - Minor Penalty to Dany Roussin for Holding.
0:44 of 1st period - Eric Fehr wins face-off versus Mason Raymond in Thunder zone.
1:35 of 1st period - Wrist shot by Mike Hoffman.
1:35 of 1st period - Shot Misses the Net.
2:43 of 1st period - Penalty to Dany Roussin is over, Dany Roussin is back on ice.
2:55 of 1st period - Dany Roussin is hit by Nick Mattson and loses puck.
3:18 of 1st period - Wrist shot by Jamie McGinn.
3:18 of 1st period - Shot Misses the Net.
3:20 of 1st period - Slapshot by Mikko Vainonen.
3:20 of 1st period - Stopped by Joe Cannata with a rebound.
3:30 of 1st period - Jesper Pettersson is hit by Tanner Richard and loses puck.
4:08 of 1st period - David Wolf is hit by Julius Honka.
4:26 of 1st period - Adam Erne is hit by Dany Roussin and loses puck.
5:00 of 1st period - Mark Stone is hit by Eric Fehr and loses puck.
5:28 of 1st period - Dany Roussin is hit by Garnet Hathaway and loses puck.
6:11 of 1st period - Wrist shot by Austin Wuthrich.
6:11 of 1st period - Stopped by Joe Cannata with a rebound.
6:31 of 1st period - Snap shot by Carl Hagelin.
6:31 of 1st period - Stopped by Niklas Treutle with a rebound.
6:33 of 1st period - Wrist shot by Carl Hagelin.
6:33 of 1st period - Shot Misses the Net.
6:35 of 1st period - Wrist shot by Carl Hagelin.
6:35 of 1st period - Stopped by Niklas Treutle with a rebound.
7:35 of 1st period - Jordan Weal is hit by Alexander Wennberg and loses puck.
8:38 of 1st period - Slapshot by Carl Hagelin.
8:38 of 1st period - Shot Misses the Net.
8:40 of 1st period - Snap shot by Patrick Sieloff.
8:40 of 1st period - Shot Hit the Post.
8:42 of 1st period - Wrist shot by Mark Stone.
8:42 of 1st period - Goal by Mark Stone - Saguenéens : 1 - Thunder : 0.
8:43 of 1st period - Alexander Wennberg wins face-off versus Zach Stepan in neutral zone.
8:45 of 1st period - Off-side.
8:46 of 1st period - Zach Stepan wins face-off versus Alexander Wennberg in neutral zone.
9:55 of 1st period - Minor Penalty to Nick Mattson for Tripping.
9:56 of 1st period - William Karlsson wins face-off versus Mason Raymond in Saguenéens zone.
10:02 of 1st period - Slapshot by William Karlsson.
10:02 of 1st period - Shot Misses the Net.
10:04 of 1st period - Wrist shot by Eric Fehr.
10:04 of 1st period - Goal by Eric Fehr - Saguenéens : 1 - Thunder : 1.
10:05 of 1st period - Alexander Wennberg wins face-off versus William Karlsson in neutral zone.
10:42 of 1st period - Peter Andersson is hit by Aleksander Barkov and loses puck.
11:46 of 1st period - Robert Hagg is hit by Derek Forbort and loses puck.
12:03 of 1st period - Snap shot by Jamie McGinn.
12:03 of 1st period - Stopped by Joe Cannata with a rebound.
12:05 of 1st period - Snap shot by Austin Poganski.
12:05 of 1st period - Stopped by Joe Cannata with a rebound.
12:07 of 1st period - Snap shot by Jamie McGinn.
12:07 of 1st period - Stopped by Joe Cannata with a rebound.
12:19 of 1st period - Wrist shot by Aleksander Barkov.
12:19 of 1st period - Stopped by Niklas Treutle with a rebound.
12:31 of 1st period - Snap shot by Juraj Mikus.
12:31 of 1st period - Stopped by Niklas Treutle without a rebound.
12:32 of 1st period - Zach Stepan wins face-off versus Juraj Mikus in Thunder zone.
13:04 of 1st period - Snap shot by Juraj Mikus.
13:04 of 1st period - Stopped by Niklas Treutle with a rebound.
13:41 of 1st period - Wrist shot by David Wolf.
13:41 of 1st period - Stopped by Joe Cannata with a rebound.
13:43 of 1st period - Backhand shot by Austin Wuthrich.
13:43 of 1st period - Shot Misses the Net.
13:54 of 1st period - Minor Penalty to Zach Stepan for High sticking.
13:55 of 1st period - Eric Fehr wins face-off versus Alexander Wennberg in Thunder zone.
15:39 of 1st period - Mason Raymond is hit by Derek Forbort and loses puck.
15:54 of 1st period - Penalty to Zach Stepan is over, Zach Stepan is back on ice.
16:10 of 1st period - Slapshot by Teemu Pulkkinen.
16:10 of 1st period - Shot Misses the Net.
16:12 of 1st period - Snap shot by Adam Erne.
16:12 of 1st period - Deflect By Teemu Pulkkinen.
16:12 of 1st period - Stopped by Niklas Treutle without a rebound.
16:13 of 1st period - Zach Stepan wins face-off versus Juraj Mikus in Thunder zone.
16:13 of 1st period - Zach Stepan is hit by Patrick Sieloff.
16:27 of 1st period - Wrist shot by Rhett Rakhshani.
16:27 of 1st period - Stopped by Niklas Treutle with a rebound.
16:29 of 1st period - Snap shot by Rhett Rakhshani.
16:29 of 1st period - Shot Misses the Net.
16:44 of 1st period - Slapshot by Mark Stone.
16:44 of 1st period - Stopped by Niklas Treutle with a rebound.
16:46 of 1st period - Slapshot by Robert Hagg.
16:46 of 1st period - Shot Blocked by Jamie McGinn.
16:48 of 1st period - Slapshot by Nick Mattson.
16:48 of 1st period - Shot Blocked by Jordan Weal.
16:58 of 1st period - Nick Mattson is hit by Gianluca Curcuruto and loses puck.
17:32 of 1st period - Snap shot by Juraj Mikus.
17:32 of 1st period - Shot Misses the Net.
17:34 of 1st period - Backhand shot by Juraj Mikus.
17:34 of 1st period - Shot Misses the Net.
17:49 of 1st period - Wrist shot by Mark Stone.
17:49 of 1st period - Shot Misses the Net.
18:06 of 1st period - Jake McCabe is hit by Mackenze Stewart and loses puck.
18:33 of 1st period - Austin Wuthrich is hit by Juraj Mikus.
18:57 of 1st period - Snap shot by Jamie McGinn.
18:57 of 1st period - Goal by Jamie McGinn - Saguenéens : 1 - Thunder : 2.
18:58 of 1st period - William Karlsson wins face-off versus Alexander Wennberg in neutral zone.
18:58 of 1st period - Dany Roussin is hit by Robert Hagg and loses puck.
19:10 of 1st period - Slapshot by William Karlsson.
19:10 of 1st period - Shot Misses the Net.
19:24 of 1st period - David Wolf is hit by Carl Hagelin and loses puck.
Goals for this period are 1 for Saguenéens vs 2 for Thunder.
Shots for this period are 9 for Saguenéens vs 8 for Thunder.
2nd period
0:01 of 2nd period - William Karlsson wins face-off versus Alexander Wennberg in neutral zone.
0:08 of 2nd period - Snap shot by Garnet Hathaway.
0:08 of 2nd period - Stopped by Niklas Treutle with a rebound.
0:10 of 2nd period - Snap shot by Garnet Hathaway.
0:10 of 2nd period - Stopped by Niklas Treutle without a rebound.
0:11 of 2nd period - Alexander Wennberg wins face-off versus William Karlsson in Thunder zone.
0:48 of 2nd period - Snap shot by Jamie McGinn.
0:48 of 2nd period - Deflect By Jordan Weal.
0:48 of 2nd period - Stopped by Joe Cannata with a rebound.
1:02 of 2nd period - Wrist shot by Aleksander Barkov.
1:02 of 2nd period - Stopped by Niklas Treutle with a rebound.
1:36 of 2nd period - Minor Penalty to Austin Poganski for Tripping.
1:37 of 2nd period - Eric Fehr wins face-off versus Alexander Wennberg in Thunder zone.
2:04 of 2nd period - Carl Hagelin is hit by Joey Ryan and loses puck.
3:16 of 2nd period - Alexander Wennberg is hit by Peter Andersson.
3:36 of 2nd period - Penalty to Austin Poganski is over, Austin Poganski is back on ice.
3:44 of 2nd period - Patrick Sieloff is hit by Jamie McGinn and loses puck.
4:08 of 2nd period - Julius Honka is hit by Zach Stepan and loses puck.
4:15 of 2nd period - Wrist shot by David Wolf.
4:15 of 2nd period - Stopped by Joe Cannata without a rebound.
4:16 of 2nd period - William Karlsson wins face-off versus Tanner Richard in Saguenéens zone.
4:19 of 2nd period - Slapshot by Eric Fehr.
4:19 of 2nd period - Stopped by Joe Cannata without a rebound.
4:20 of 2nd period - William Karlsson wins face-off versus Tanner Richard in Saguenéens zone.
4:35 of 2nd period - Slapshot by Eric Fehr.
4:35 of 2nd period - Deflect By Dany Roussin.
4:35 of 2nd period - Stopped by Joe Cannata with a rebound.
4:40 of 2nd period - Icing by Adam Erne.
4:41 of 2nd period - Tanner Richard wins face-off versus Zach Stepan in Saguenéens zone.
4:41 of 2nd period - Tanner Richard is hit by David Wolf.
4:49 of 2nd period - Slapshot by Nick Mattson.
4:49 of 2nd period - Shot Misses the Net.
5:53 of 2nd period - Snap shot by Rhett Rakhshani.
5:53 of 2nd period - Stopped by Niklas Treutle without a rebound.
5:54 of 2nd period - Zach Stepan wins face-off versus Alexander Wennberg in Thunder zone.
6:07 of 2nd period - Snap shot by David Wolf.
6:07 of 2nd period - Shot Blocked by Jake McCabe.
6:09 of 2nd period - Slapshot by Peter Andersson.
6:09 of 2nd period - Shot Blocked by Alexander Wennberg.
6:40 of 2nd period - Seth Helgeson is hit by Jordan Weal and loses puck.
6:49 of 2nd period - Wrist shot by Juraj Mikus.
6:49 of 2nd period - Goal by Juraj Mikus - Saguenéens : 2 - Thunder : 2.
6:50 of 2nd period - Mason Raymond wins face-off versus William Karlsson in neutral zone.
6:59 of 2nd period - Wrist shot by Alexander Wennberg.
6:59 of 2nd period - Stopped by Niklas Treutle with a rebound.
7:01 of 2nd period - Wrist shot by Alexander Wennberg.
7:01 of 2nd period - Deflect By Garnet Hathaway.
7:01 of 2nd period - Stopped by Niklas Treutle without a rebound.
7:02 of 2nd period - Alexander Wennberg wins face-off versus William Karlsson in Thunder zone.
7:06 of 2nd period - Minor Penalty to Joey Ryan for Hooking.
7:07 of 2nd period - Alexander Wennberg wins face-off versus Eric Fehr in Thunder zone.
7:15 of 2nd period - Snap shot by Alexander Wennberg.
7:15 of 2nd period - Shot Misses the Net.
7:17 of 2nd period - Slapshot by Seth Helgeson.
7:17 of 2nd period - Stopped by Niklas Treutle with a rebound.
7:19 of 2nd period - Slapshot by Jake McCabe.
7:19 of 2nd period - Deflect By Eric Fehr.
7:19 of 2nd period - Stopped by Niklas Treutle without a rebound.
7:20 of 2nd period - Alexander Wennberg wins face-off versus Eric Fehr in Thunder zone.
7:31 of 2nd period - Snap shot by Alexander Wennberg.
7:31 of 2nd period - Stopped by Niklas Treutle without a rebound.
7:32 of 2nd period - Eric Fehr wins face-off versus Alexander Wennberg in Thunder zone.
8:50 of 2nd period - Icing by Garnet Hathaway.
8:51 of 2nd period - Alexander Wennberg wins face-off versus Artur Gavrus in Saguenéens zone.
9:06 of 2nd period - Penalty to Joey Ryan is over, Joey Ryan is back on ice.
9:10 of 2nd period - Eric Fehr is hit by Mark Stone and loses puck.
9:45 of 2nd period - Mikko Vainonen is hit by Tanner Richard and loses puck.
11:10 of 2nd period - Off-side.
11:11 of 2nd period - Aleksander Barkov wins face-off versus William Karlsson in neutral zone.
11:18 of 2nd period - Snap shot by Mark Stone.
11:18 of 2nd period - Shot Misses the Net.
11:20 of 2nd period - Snap shot by Aleksander Barkov.
11:20 of 2nd period - Shot Blocked by Dany Roussin.
11:22 of 2nd period - Snap shot by Jake McCabe.
11:22 of 2nd period - Shot Blocked by William Karlsson.
11:24 of 2nd period - Slapshot by Jake McCabe.
11:24 of 2nd period - Stopped by Niklas Treutle with a rebound.
11:36 of 2nd period - Jake McCabe is hit by Austin Wuthrich.
12:00 of 2nd period - Snap shot by Jordan Weal.
12:00 of 2nd period - Stopped by Joe Cannata without a rebound.
12:01 of 2nd period - Jordan Weal wins face-off versus Aleksander Barkov in Saguenéens zone.
12:10 of 2nd period - Jamie McGinn is hit by Carl Hagelin and loses puck.
12:47 of 2nd period - Snap shot by Jordan Weal.
12:47 of 2nd period - Shot Blocked by Seth Helgeson.
13:11 of 2nd period - Slapshot by Peter Andersson.
13:11 of 2nd period - Deflect By Austin Wuthrich.
13:11 of 2nd period - Shot Blocked by Duncan Siemens.
13:11 of 2nd period - Puck is out of play.
13:12 of 2nd period - Zach Stepan wins face-off versus Alexander Wennberg in Saguenéens zone.
13:13 of 2nd period - Wrist shot by David Wolf.
13:13 of 2nd period - Stopped by Joe Cannata with a rebound.
13:25 of 2nd period - Snap shot by Garnet Hathaway.
13:25 of 2nd period - Deflect By Alexander Wennberg.
13:25 of 2nd period - Shot Misses the Net.
13:25 of 2nd period - Puck is out of play.
13:26 of 2nd period - William Karlsson wins face-off versus Alexander Wennberg in Thunder zone.
13:26 of 2nd period - William Karlsson is hit by Garnet Hathaway.
13:53 of 2nd period - Aleksander Barkov is hit by David Wolf and loses puck.
14:03 of 2nd period - Minor Penalty to Seth Helgeson for Tripping.
14:04 of 2nd period - Mason Raymond wins face-off versus William Karlsson in Saguenéens zone.
14:12 of 2nd period - Duncan Siemens is hit by Eric Fehr and loses puck.
14:29 of 2nd period - Snap shot by David Wolf.
14:29 of 2nd period - Shot Misses the Net.
14:31 of 2nd period - Snap shot by Austin Wuthrich.
14:31 of 2nd period - Shot Blocked by Jake McCabe.
14:33 of 2nd period - Slapshot by David Wolf.
14:33 of 2nd period - Goal by David Wolf - Saguenéens : 2 - Thunder : 3.
14:34 of 2nd period - William Karlsson wins face-off versus Alexander Wennberg in neutral zone.
14:50 of 2nd period - Snap shot by Dany Roussin.
14:50 of 2nd period - Shot Blocked by Seth Helgeson.
15:20 of 2nd period - Snap shot by Alexander Wennberg.
15:20 of 2nd period - Deflect By Mason Raymond.
15:20 of 2nd period - Stopped by Niklas Treutle without a rebound.
15:21 of 2nd period - Aleksander Barkov wins face-off versus William Karlsson in Thunder zone.
16:28 of 2nd period - Minor Penalty to Derek Forbort for Holding.
16:29 of 2nd period - Alexander Wennberg wins face-off versus Eric Fehr in Thunder zone.
18:22 of 2nd period - Seth Helgeson is hit by Peter Andersson and loses puck.
18:28 of 2nd period - Penalty to Derek Forbort is over, Derek Forbort is back on ice.
18:32 of 2nd period - Icing by Joey Ryan.
18:33 of 2nd period - Artur Gavrus wins face-off versus Juraj Mikus in Thunder zone.
18:38 of 2nd period - Slapshot by Joey Ryan.
18:38 of 2nd period - Stopped by Joe Cannata with a rebound.
18:46 of 2nd period - Wrist shot by Nick Mattson.
18:46 of 2nd period - Shot Misses the Net.
19:00 of 2nd period - Slapshot by Tanner Richard.
19:00 of 2nd period - Shot Misses the Net.
19:03 of 2nd period - Icing by Peter Andersson.
19:04 of 2nd period - Garnet Hathaway wins face-off versus Jordan Weal in Thunder zone.
19:15 of 2nd period - Slapshot by Joey Ryan.
19:15 of 2nd period - Deflect By Jamie McGinn.
19:15 of 2nd period - Stopped by Joe Cannata without a rebound.
19:16 of 2nd period - William Karlsson wins face-off versus Alexander Wennberg in Saguenéens zone.
19:19 of 2nd period - Snap shot by Eric Fehr.
19:19 of 2nd period - Deflect By Dany Roussin.
19:19 of 2nd period - Shot Blocked by Mason Raymond.
19:19 of 2nd period - Puck is out of play.
19:20 of 2nd period - William Karlsson wins face-off versus Alexander Wennberg in Saguenéens zone.
19:27 of 2nd period - Snap shot by Dany Roussin.
19:27 of 2nd period - Shot Blocked by Jake McCabe.
19:29 of 2nd period - Slapshot by Derek Forbort.
19:29 of 2nd period - Stopped by Joe Cannata with a rebound.
19:44 of 2nd period - Off-side.
19:45 of 2nd period - Zach Stepan wins face-off versus Aleksander Barkov in neutral zone.
Goals for this period are 1 for Saguenéens vs 1 for Thunder.
Shots for this period are 12 for Saguenéens vs 10 for Thunder.
3rd period
0:01 of 3rd period - William Karlsson wins face-off versus Alexander Wennberg in neutral zone.
0:12 of 3rd period - Icing by Garnet Hathaway.
0:13 of 3rd period - Alexander Wennberg wins face-off versus William Karlsson in Saguenéens zone.
0:20 of 3rd period - Wrist shot by Alexander Wennberg.
0:20 of 3rd period - Shot Misses the Net.
0:26 of 3rd period - Seth Helgeson is hit by William Karlsson and loses puck.
0:41 of 3rd period - Snap shot by Jordan Weal.
0:41 of 3rd period - Shot Misses the Net.
2:01 of 3rd period - Robert Hagg is hit by Austin Poganski.
2:44 of 3rd period - Nick Mattson is hit by Nikolay Prokhorkin and loses puck.
2:51 of 3rd period - Slapshot by Peter Andersson.
2:51 of 3rd period - Stopped by Joe Cannata with a rebound.
2:53 of 3rd period - Wrist shot by Vincent Dunn.
2:53 of 3rd period - Shot Misses the Net.
2:55 of 3rd period - Slapshot by Joey Ryan.
2:55 of 3rd period - Stopped by Joe Cannata with a rebound.
3:07 of 3rd period - Slapshot by Juraj Mikus.
3:07 of 3rd period - Stopped by Niklas Treutle with a rebound.
3:09 of 3rd period - Backhand shot by Nick Mattson.
3:09 of 3rd period - Shot Misses the Net.
3:11 of 3rd period - Wrist shot by Craig Cunningham.
3:11 of 3rd period - Goal by Craig Cunningham - Saguenéens : 3 - Thunder : 3.
3:12 of 3rd period - William Karlsson wins face-off versus Alexander Wennberg in neutral zone.
3:14 of 3rd period - Off-side.
3:15 of 3rd period - William Karlsson wins face-off versus Alexander Wennberg in neutral zone.
3:26 of 3rd period - Mason Raymond is hit by Dany Roussin and loses puck.
3:40 of 3rd period - Derek Forbort is hit by Carl Hagelin and loses puck.
3:43 of 3rd period - Snap shot by Austin Wuthrich.
3:43 of 3rd period - Shot Blocked by Jake McCabe.
3:45 of 3rd period - Snap shot by Austin Wuthrich.
3:45 of 3rd period - Shot Blocked by Carl Hagelin.
3:47 of 3rd period - Slapshot by Zach Stepan.
3:47 of 3rd period - Stopped by Joe Cannata with a rebound.
3:49 of 3rd period - Wrist shot by David Wolf.
3:49 of 3rd period - Stopped by Joe Cannata with a rebound.
4:03 of 3rd period - Jordan Weal is hit by Juraj Mikus and loses puck.
4:08 of 3rd period - Snap shot by Rhett Rakhshani.
4:08 of 3rd period - Stopped by Niklas Treutle with a rebound.
4:10 of 3rd period - Slapshot by Jake McCabe.
4:10 of 3rd period - Stopped by Niklas Treutle with a rebound.
4:12 of 3rd period - Wrist shot by Juraj Mikus.
4:12 of 3rd period - Stopped by Niklas Treutle without a rebound.
4:13 of 3rd period - William Karlsson wins face-off versus Alexander Wennberg in Thunder zone.
4:28 of 3rd period - Off-side.
4:29 of 3rd period - Aleksander Barkov wins face-off versus Zach Stepan in neutral zone.
4:32 of 3rd period - Snap shot by Carl Hagelin.
4:32 of 3rd period - Shot Blocked by Derek Forbort.
4:36 of 3rd period - Snap shot by Mark Stone.
4:36 of 3rd period - Stopped by Niklas Treutle without a rebound.
4:37 of 3rd period - Aleksander Barkov wins face-off versus Zach Stepan in Thunder zone.
4:38 of 3rd period - Wrist shot by Mark Stone.
4:38 of 3rd period - Shot Misses the Net.
4:58 of 3rd period - Minor Penalty to Derek Forbort for Holding.
4:59 of 3rd period - Eric Fehr wins face-off versus Alexander Wennberg in Thunder zone.
4:59 of 3rd period - Peter Andersson is hit by Alexander Wennberg and loses puck.
5:14 of 3rd period - Snap shot by Dany Roussin.
5:14 of 3rd period - Shot Misses the Net.
5:33 of 3rd period - Wrist shot by William Karlsson.
5:33 of 3rd period - Stopped by Joe Cannata without a rebound.
5:34 of 3rd period - Alexander Wennberg wins face-off versus William Karlsson in Saguenéens zone.
5:43 of 3rd period - Slapshot by Garnet Hathaway.
5:43 of 3rd period - Shot Misses the Net.
5:45 of 3rd period - Wrist shot by Nick Mattson.
5:45 of 3rd period - Stopped by Niklas Treutle with a rebound.
5:47 of 3rd period - Wrist shot by Garnet Hathaway.
5:47 of 3rd period - Shot Blocked by William Karlsson.
6:12 of 3rd period - Off-side.
6:13 of 3rd period - Eric Fehr wins face-off versus Alexander Wennberg in neutral zone.
6:22 of 3rd period - Slapshot by Seth Helgeson.
6:22 of 3rd period - Deflect By Garnet Hathaway.
6:22 of 3rd period - Shot Misses the Net.
6:22 of 3rd period - Puck is out of play.
6:23 of 3rd period - Eric Fehr wins face-off versus Alexander Wennberg in Thunder zone.
6:23 of 3rd period - Eric Fehr is hit by Mason Raymond.
6:58 of 3rd period - Penalty to Derek Forbort is over, Derek Forbort is back on ice.
7:11 of 3rd period - Slapshot by Craig Cunningham.
7:11 of 3rd period - Shot Misses the Net.
7:13 of 3rd period - Wrist shot by Juraj Mikus.
7:13 of 3rd period - Shot Misses the Net.
7:23 of 3rd period - Derek Forbort is hit by Nick Mattson and loses puck.
7:32 of 3rd period - Slapshot by Garnet Hathaway.
7:32 of 3rd period - Stopped by Niklas Treutle with a rebound.
7:34 of 3rd period - Wrist shot by Alexander Wennberg.
7:34 of 3rd period - Deflect By Mason Raymond.
7:34 of 3rd period - Shot Blocked by Dany Roussin.
7:34 of 3rd period - Puck is out of play.
7:35 of 3rd period - Aleksander Barkov wins face-off versus Zach Stepan in Thunder zone.
7:36 of 3rd period - Wrist shot by Mark Stone.
7:36 of 3rd period - Stopped by Niklas Treutle without a rebound.
7:37 of 3rd period - Aleksander Barkov wins face-off versus Zach Stepan in Thunder zone.
7:48 of 3rd period - Snap shot by Aleksander Barkov.
7:48 of 3rd period - Shot Blocked by Zach Stepan.
7:50 of 3rd period - Snap shot by Aleksander Barkov.
7:50 of 3rd period - Stopped by Niklas Treutle without a rebound.
7:51 of 3rd period - Zach Stepan wins face-off versus Garnet Hathaway in Thunder zone.
8:06 of 3rd period - Garnet Hathaway is hit by Austin Wuthrich.
8:23 of 3rd period - Slapshot by Mikko Vainonen.
8:23 of 3rd period - Stopped by Joe Cannata without a rebound.
8:24 of 3rd period - Aleksander Barkov wins face-off versus Eric Fehr in Saguenéens zone.
8:47 of 3rd period - Minor Penalty to Aleksander Barkov for High sticking.
8:48 of 3rd period - William Karlsson wins face-off versus Mason Raymond in Saguenéens zone.
8:52 of 3rd period - Wrist shot by Eric Fehr.
8:52 of 3rd period - Deflect By William Karlsson.
8:52 of 3rd period - Shot Blocked by Seth Helgeson.
8:52 of 3rd period - Puck is out of play.
8:53 of 3rd period - William Karlsson wins face-off versus Mason Raymond in Saguenéens zone.
9:23 of 3rd period - Slapshot by Eric Fehr.
9:23 of 3rd period - Shot Blocked by Mason Raymond.
9:43 of 3rd period - Wrist shot by William Karlsson.
9:43 of 3rd period - Shot Misses the Net.
9:45 of 3rd period - Wrist shot by Dany Roussin.
9:45 of 3rd period - Thunder goal is going for a video replay.
9:45 of 3rd period - The goal is refused. The referee deems the play has been stopped, even if he had not physically had the opportunity to stop play by blowing his whistle..
9:46 of 3rd period - Mason Raymond wins face-off versus Zach Stepan in Saguenéens zone.
10:01 of 3rd period - Slapshot by Derek Forbort.
10:01 of 3rd period - Stopped by Joe Cannata without a rebound.
10:02 of 3rd period - Mason Raymond wins face-off versus Zach Stepan in Saguenéens zone.
10:43 of 3rd period - Peter Andersson is hit by Mason Raymond and loses puck.
10:47 of 3rd period - Penalty to Aleksander Barkov is over, Aleksander Barkov is back on ice.
11:31 of 3rd period - Jesper Pettersson is hit by Robert Hagg and loses puck.
11:50 of 3rd period - Jordan Weal is hit by Patrick Sieloff and loses puck.
12:01 of 3rd period - Wrist shot by Teemu Pulkkinen.
12:01 of 3rd period - Stopped by Niklas Treutle with a rebound.
12:11 of 3rd period - Austin Poganski is hit by Craig Cunningham and loses puck.
12:28 of 3rd period - Slapshot by Jesper Pettersson.
12:28 of 3rd period - Stopped by Joe Cannata without a rebound.
12:29 of 3rd period - David Wolf wins face-off versus Aleksander Barkov in Saguenéens zone.
13:58 of 3rd period - Minor Penalty to Duncan Siemens for Hooking.
13:59 of 3rd period - William Karlsson wins face-off versus Mason Raymond in Saguenéens zone.
14:47 of 3rd period - Alexander Wennberg is hit by Eric Fehr and loses puck.
15:58 of 3rd period - Penalty to Duncan Siemens is over, Duncan Siemens is back on ice.
16:38 of 3rd period - Austin Wuthrich is hit by Carl Hagelin and loses puck.
17:16 of 3rd period - Snap shot by Rhett Rakhshani.
17:16 of 3rd period - Shot Blocked by Jamie McGinn.
18:54 of 3rd period - Jake McCabe is hit by Dany Roussin and loses puck.
Goals for this period are 1 for Saguenéens vs 0 for Thunder.
Shots for this period are 11 for Saguenéens vs 9 for Thunder.
Overtime #1
0:01 of 1st overtime period - Mason Raymond wins face-off versus Eric Fehr in neutral zone.
0:04 of 1st overtime period - Slapshot by Jake McCabe.
0:04 of 1st overtime period - Deflect By Garnet Hathaway.
0:04 of 1st overtime period - Goal by Garnet Hathaway - Saguenéens : 4 - Thunder : 3.
Goals for this period are 1 for Saguenéens vs 0 for Thunder.
Shots for this period are 1 for Saguenéens vs 0 for Thunder.
Back to the Top